 Dungeon Crawl Stone Soup version 0.21-a0-264-g3e31e41 (webtiles) character file.

40 namelastname112 the Ruffian (level 3, -1/29 (31) HPs)
             Began as a Ghoul Monk on Sept 9, 2017.
             Slain by a kobold
             ... wielding a +0 whip
              (2 damage)
             ... on level 2 of the Dungeon.
             The game lasted 00:02:08 (967 turns).

namelastname112 the Ruffian (Ghoul Monk)             Turns: 967, Time: 00:02:09

HP:   -1/29 (31)    AC:  2    Str: 20    XL:     3   Next: 50%
MP:   2/2           EV: 18    Int:  5    God:
Gold: 30            SH:  0    Dex: 16    Spells: 2/2 levels left

rFire    . . .     SeeInvis .     - Unarmed
rCold    + + .     Gourm    .   (no shield)
rNeg     + + +     Faith    .   a - +0 robe
rPois    ∞         Spirit   .   (no helmet)
rElec    .         Reflect  .   (no cloak)
rCorr    .         Harm     .   (no gloves)
MR       .....                  (no boots)
Stlth    +++.......             (no amulet)
HPRegen  0.00/turn              g - ring of protection from cold
MPRegen  0.08/turn              (no ring)

@: mighty, agile, rotting
A: rotting body, claws 1, carnivore 3, cold resistance 1, negative energy
resistance 3, inhibited regeneration, torment resistance, unbreathing
a: no special abilities


You were on level 2 of the Dungeon.
You were not hungry.

You visited 1 branch of the dungeon, and saw 2 of its levels.

You collected 30 gold pieces.

Inventory:

Armour
 a - a +0 robe (worn)
Jewellery
 g - a ring of protection from cold (left claw)
Scrolls
 e - a scroll of enchant weapon {unknown}
 h - a scroll of recharging {unknown}
Potions
 c - a potion of agility
 f - a potion of might
Comestibles
 b - a meat ration
 d - a royal jelly


   Skills:
 + Level 3.6 Fighting
 + Level 1.1 Armour
 + Level 3.1 Dodging
 - Level 2.1 Stealth
 + Level 3.8 Unarmed Combat


You had 2 spell levels left.
You didn't know any spells.

Dungeon Overview and Level Annotations

Branches:
Dungeon (2/15)

Altars:


Innate Abilities, Weirdness & Mutations

Your body is rotting away.
You thrive on raw meat.
You are immune to poison.
You have sharp fingernails.
You are carnivorous and can eat meat at any time.
Your flesh is cold resistant. (rC+)
You are immune to negative energy. (rN+++)
You do not regenerate when monsters are visible.
You are immune to unholy pain and torment.
You can survive without breathing.


Message History

You see here a stone.
The kobold throws a stone.
The stone hits you but does no damage.
You see here a stone.
You eat one of the 2 meat rations.
That meat ration really hit the spot!
A giant cockroach comes into view.
The kobold throws a stone.
The stone hits you but does no damage.
A leopard gecko and a kobold come into view.
The kobold moves out of view.
The kobold hits you with a whip.
* * * LOW HITPOINT WARNING * * *
You take 2 damage, and have 1/29 hp.
The leopard gecko hisses angrily.
You scratch the kobold but do no damage.
The kobold completely misses you. The giant cockroach misses you.
It was a potion of agility.
You feel agile all of a sudden. The kobold hits you but does no damage.
The giant cockroach misses you.
It was a potion of might.
You feel very mighty all of a sudden. The kobold hits you with a whip.
You die...

.. .# ..
###### #
#..=.# #
#..(.# #
#.(..# s
#@...# ..
#lKs...# ..
#...#....#
.#
#.K..##....#
## #.#..
#....# . ##
#.....
...#### ...#
.


You could see a leopard gecko, a giant cockroach and 2 kobolds.

Vanquished Creatures
  An ooze (D:1)
  3 dart slugs
  A leopard gecko (D:2)
  A giant cockroach (D:2)
  4 hobgoblins (D:1)
  3 jackals (D:1)
  A quokka (D:2)
  A ball python (D:1)
  5 bats (D:1)
  2 frilled lizards (D:1)
  3 goblins
  A kobold (D:2)
  4 rats
30 creatures vanquished.

Notes
Turn   | Place    | Note
-------+----------+-------------------------------------------
     0 | D:1      | namelastname112 the Ghoul Monk began the quest for the Orb.
     0 | D:1      | Reached XP level 1. HP: 19/19 MP: 0/0
   236 | D:1      | Reached XP level 2. HP: 23/26 MP: 1/1
   454 | D:1      | Reached skill level 1 in Armour
   454 | D:1      | Reached XP level 3. HP: 26/31 MP: 2/2
   964 | D:2      | HP: 1/29 [kobold/whip (2)]
   967 | D:2      | Slain by a kobold

Vault maps used:
D:1:      minmay_arrival_four_loops, roderic_lattice_a, minmay_split_cup_small
D:2:      wad_crossroads, gammafunk_temple_overflow_arena

Skill      XL: |  1  2 |
---------------+-------+-----
Dodging        | 3 |  3.1
Armour         | 1 |  1.1
Fighting       | |  3.6
Stealth        | |  2.1
Unarmed Combat | |  3.8

Action                   || total
-------------------------++-------
Melee: Unarmed           ||   101
  Use: Potion            ||     2
 Stab: Sleeping          ||     4
  Eat: Chunk             ||     4
       Meat ration       ||     1
Armor: Robe              ||    17
Dodge: Dodged            ||    63

Table legend:
 A = Spawn XP
 B = Non-spawn XP
 C = Spawn XP percentage of total XP
 D = Spawn monster count
 E = Non-spawn monster count
 F = Spawn count percentage of total count
 G = Total turns spent on level
                    A         B        C        D         E        F      G
               +---------+---------+-------+---------+---------+-------+---------
         Total |       0 |      58 |   0.0 |       0 |      30 |   0.0 |   967
               +---------+---------+-------+---------+---------+-------+---------
           D:1 |       0 |      41 |   0.0 |       0 |      22 |   0.0 |   792
           D:2 |       0 |      17 |   0.0 |       0 |       8 |   0.0 |   175
               +---------+---------+-------+---------+---------+-------+---------
